 Dungeon Crawl Stone Soup version 0.30.1-3-gfc49f6343a (webtiles) character file.

Game seed: 7421987218886537960

36736 jtron the Convoker (level 13, -6/69 HPs)
             Began as a Tengu Summoner on Aug 4, 2023.
             Was a High Priest of Sif Muna.
             Shot with an arrow by a centaur warrior (10 damage)
             ... on level 13 of the Dungeon on Aug 7, 2023.
             The game lasted 01:20:43 (22084 turns).

jtron the Convoker (Tengu Summoner)                Turns: 22084, Time: 01:20:43

Health: -6/69      AC:  8    Str:  9    XL:     13   Next: 92%
Magic:  19/31      EV: 16    Int: 25    God:    Sif Muna [*****.]
Gold:   436        SH:  5    Dex: 16    Spells: 16/39 levels left

rFire   . . .        a - +2 dagger (speed)
rCold   . . .        (no shield)
rNeg    . . .        Q - +1 troll leather armour
rPois   +            (helmet restricted)
rElec   .            y - +2 cloak {rPois}
rCorr   .            (no gloves)
SInv    .            (boots unavailable)
Will    .....        T - amulet of reflection
Stlth   +++          C - +6 ring of intelligence
HPRegen 1.11/turn    A - ring of wizardry
MPRegen 0.22/turn

%: reflection, wizardry (x1)
@: flying quickly and evasively, quick
A: beak, talons 3, nimble flight
a: Renounce Religion, Channel Magic, Forget Spell, Divine Exegesis


You were on level 13 of the Dungeon.
You worshipped Sif Muna.
Sif Muna was extremely pleased with you.
You visited 4 branches of the dungeon, and saw 19 of its levels.
You also visited: Bailey.

You collected 1328 gold pieces.
You spent 892 gold pieces at shops.

Inventory:

Hand Weapons
 a - a +2 dagger of speed (weapon)
 b - a +0 sling
 o - the +0 spear "Arierr" {freeze, Stlth+}
   (You took it off a spriggan on level 11 of the Dungeon)

   Stlth:     It makes you more stealthy.
 F - a +1 rapier of venom
 O - a +1 dagger of venom
 P - a +2 dagger of freezing
 R - a +2 dagger of freezing
 S - a +1 arbalest of flaming
Missiles
 d - 111 stones
 k - 25 boomerangs
 n - 30 poisoned darts (quivered)
Armour
 i - a +2 animal skin
 p - a +2 cloak of preservation
 y - a +2 cloak of poison resistance (worn)
 Q - a +1 troll leather armour (worn)
Jewellery
 q - a ring of protection from cold
 w - a +6 ring of intelligence
 A - a ring of wizardry (right hand)
 C - a +6 ring of intelligence (left hand)
 D - a ring of positive energy
 G - a ring of willpower
 H - a +5 ring of evasion
 T - an amulet of reflection (around neck)
Wands
 s - a wand of charming (7)
 v - a wand of flame (20)
 B - a wand of light (1)
 J - a wand of polymorph (5)
 N - a wand of mindburst (5)
Scrolls
 e - 3 scrolls of teleportation
 l - 2 scrolls of fog
 r - 2 scrolls of fear
 z - a scroll of amnesia
 I - a scroll of identify
 K - a scroll of brand weapon
 U - 2 scrolls of poison
Potions
 c - 2 potions of curing
 f - a potion of might
 g - a potion of ambrosia
 h - 3 potions of magic
 j - a potion of resistance
 m - 6 potions of brilliance
 u - a potion of mutation
 x - a potion of haste
 L - a potion of cancellation
 M - 2 potions of berserk rage
 V - a potion of heal wounds
Miscellaneous
 t - a phantom mirror
 E - a tin of tremorstones (2/2)


   Skills:
 + Level 3.6 Fighting
 * Level 7.0 Short Blades
 + Level 1.0 Throwing
 + Level 0.8 Armour
 + Level 5.5 Dodging
 + Level 5.3 Stealth
 - Level 0.2 Unarmed Combat
 + Level 13.5 Spellcasting
 - Level 5.0 Conjurations
 + Level 16.0 Summonings
 + Level 0.4 Translocations
 + Level 6.1 Air Magic
 + Level 1.9 Poison Magic
 * Level 5.0 Invocations
 + Level 0.7 Evocations


You had 16 spell levels left.
You knew the following spells:

 Your Spells              Type           Power      Damage    Failure   Level
a - Summon Small Mammal   Summ           100%       N/A       0%          1
b - Call Canine Familiar  Summ           77%        N/A       0%          3
c - Summon Lightning Spi  Summ/Air       64%        N/A       1%          4
d - Mephitic Cloud        Conj/Pois/Air  38%        N/A       1%          3
f - Summon Forest         Summ/Tloc      27%        N/A       1%          5
h - Summon Hydra          Summ           38%        N/A       2%          7

Your spell library contained the following spells:

 Spells                   Type           Power      Damage    Failure   Level
 Call Imp                 Summ           100%       N/A       0%          2
 Magic Dart               Conj           100%       1d8       1%          1
 Summon Guardian Golem    Hex/Summ       54%        N/A       1%          3
 Animate Armour           Summ/Erth      100%       N/A       1%          4
 Summon Ice Beast         Ice/Summ       54%        N/A       1%          4
 Summon Cactus Giant      Summ           38%        N/A       1%          6
 Freezing Cloud           Conj/Ice/Air   17%        6-21      12%         5
 Leda's Liquefaction      Hex/Erth       8%         N/A       19%         4
 Spellforged Servitor     Conj/Summ      31%        N/A       21%         7
 Lee's Rapid Deconstruct  Erth           8%         3d7*      45%         5
 Malign Gateway           Summ/Tloc      27%        N/A       45%         7
 Eringya's Noxious Bog    Tmut/Pois      10%        N/A       86%         6
 Orb of Destruction       Conj           20%        9d8       87%         7
 Statue Form              Tmut/Erth      10%        N/A       94%         6
 Disjunction              Tloc           9%         N/A       100%        8
 Necromutation            Tmut/Necr      8%         N/A       100%        8
 Death's Door             Necr           8%         N/A       100%        9


Dungeon Overview and Level Annotations

Branches:
Dungeon (13/15)            Temple (1/1) D:5            Lair (3/5) D:10
 Shoals (0/4) Lair:2        Snake (0/4) Lair:2          Orc (2/2) D:9
    Elf (0/3) Orc:2        Bailey (visited)
 Vaults: D:13-14

Altars:
Ashenzari
Cheibriados
Dithmenos
Elyvilon
Fedhas
Gozag
Hepliaklqana
Kikubaaqudgha
Makhleb
Nemelex Xobeh
Okawaru
Qazlal
Ru
Sif Muna
Trog
Uskayaw
Vehumet
Wu Jian
Xom
Yredelemnul
Zin
The Shining One

Shops:
D:3 =   D:7 !   D:8 [   Orc:1 :*   Orc:2 :!*!=

Annotations:
D:13 Lodul


Innate Abilities, Weirdness & Mutations

You have a beak for a mouth.
You have claws for feet.
Your magical nature lets you fly swiftly and evasively.


Message History

The bolt of electricity hits the centaur.
The centaur shoots an arrow.
The arrow hits your lightning spire.
The centaur shoots an arrow.
The arrow hits your lightning spire.
An arrow appears from out of your range of vision.
The arrow hits your warg!!
Your warg dies!
Your warg's corpse disappears in a puff of smoke!
Your lightning spire shoots out a bolt of lightning at the centaur!
The bolt of electricity hits the centaur!
The centaur shoots an arrow.
The arrow hits your lightning spire but does no damage.
The centaur warrior shoots an arrow.
The arrow hits your four-headed hydra!!
The centaur shoots an arrow.
The arrow barely misses your four-headed hydra.
The arrow hits your lightning spire.
You hear a shout!
The centaur warrior shoots an arrow.
The arrow hits you!
The centaur shoots an arrow.
The arrow hits your four-headed hydra!
The centaur warrior shoots an arrow.
The arrow hits you!
The centaur shoots an arrow.
The arrow barely misses your lightning spire.
Lodul and an electric eel come into view.
Lodul shouts!
You hear a shout!
The electric eel shoots out a bolt of lightning at you!
The bolt of electricity hits you!
The centaur warrior shoots an arrow.
The arrow hits you!!
* * * LOW HITPOINT WARNING * * *
The centaur shoots an arrow.
The arrow hits your lightning spire.
Your four-headed hydra bites the centaur!
The centaur dies!
Sif Muna accepts your kill.
The centaur warrior shoots an arrow.
The arrow misses you.
Electricity crackles from Lodul's apparatus.
The bolt of lightning misses you.
Your four-headed hydra bites the centaur warrior but does no damage.
Your four-headed hydra bites the centaur warrior!
Your four-headed hydra bites the centaur warrior but does no damage. x2
Your four-headed hydra disappears in a puff of smoke!
The centaur warrior shoots an arrow.
The arrow hits you!
You die...

..O....
#...... #..c?#
##..ยง#
####....#
#.##.......#
#..........#
#.####.....##
#.@.8.#.##
##.....#.#
#.......######
.........
..#...#..#
..>#####.# ###
.# .# ##


You could see a centaur warrior (ally target) and a friendly lightning spire
(summoned).

Vanquished Creatures
  The ghost of turdburglar the Slicer, a journeyman KoBr of Dithmenos (D:11)
  Maurice (Orc:1)
  A cane toad (Lair:1)
  A shadow (D:11)
  A spriggan (D:11)
  A wyvern (Lair:2)
  5 yaks
  A basilisk (Lair:2)
  Eustachio (D:5)
  6 water moccasins
  3 orc warriors
  6 ice beasts
  2 centaurs
  2 ogres
  A phantom (D:5)
  3 wolves
  A kobold brigand (D:8)
  4 bullfrogs
  A scorpion (D:5)
  2 wights
  2 killer bees (D:11)
  A hound (D:4)
  2 jellies
  2 orc priests
  7 orc wizards
  Robin (D:2)
  A gnoll (D:6)
  6 adders
  2 white imps
  An ufetubus (D:6)
  2 dart slugs (D:4)
  15 orcs
  3 endoplasms
  2 giant cockroaches
  13 goblins
  6 hobgoblins
  3 jackals
  A quokka (D:1)
  3 ball pythons
  3 bats
  A frilled lizard (D:1)
  8 kobolds
  6 rats
135 creatures vanquished.

Vanquished Creatures (collateral kills)
  Donald (Orc:2)
  2 boulder beetles
  2 two-headed ogres
  3 orc high priests (Orc:2)
  4 orc knights (Orc:2)
  4 orc sorcerers (Orc:2)
  A cyclops (Orc:2)
  3 manticores
  3 elephants (Lair:2)
  4 slime creatures
  2 black mambas
  A guardian serpent (D:12)
  2 cane toads (Lair:1)
  A kobold demonologist (D:11)
  2 gargoyles
  2 rime drakes
  2 komodo dragons
  6 trolls
  2 meliai (D:13)
  A polar bear (Lair:2)
  A snapping turtle (Lair:2)
  2 shadows
  A spriggan (D:11)
  A wyvern (D:10)
  A basilisk (D:12)
  23 yaks
  A wraith (D:10)
  2 steam dragons (D:8)
  A warg (Orc:2)
  4 vampire mosquitoes (D:12)
  16 water moccasins
  3 black bears
  3 ice beasts
  21 orc warriors
  An ogre (Orc:1)
  11 wolves
  5 centaurs
  7 bullfrogs
  A kobold brigand (D:11)
  A gnoll sergeant (Orc:1)
  A scorpion (D:5)
  6 wights
  16 killer bees
  2 howler monkeys
  A crimson imp (D:8)
  2 hounds
  Crazy Yiuf (D:4)
  A jelly (D:5)
  A gnoll bouda (D:6)
  10 orc priests
  Ijyb (D:5)
  An iguana (D:6)
  Natasha (D:4)
  16 orc wizards
  6 adders
  15 gnolls
  A dart slug (D:1)
  45 orcs
  5 endoplasms
  2 giant cockroaches
  8 goblins
  5 hobgoblins
  7 jackals
  21 kobolds
  2 quokkas
  3 ball pythons (D:1)
  2 rats (D:1)
336 creatures vanquished.

Vanquished Creatures (others)
  A meliai (D:13)
  An orc priest (Orc:2)
  A snaplasher vine (Orc:2)
3 creatures vanquished.

Grand Total: 474 creatures vanquished

Notes
Turn   | Place    | Note
-------+----------+-------------------------------------------
     0 | D:1      | jtron the Tengu Summoner began the quest for the Orb.
     0 | D:1      | Reached XP level 1. HP: 10/10 MP: 4/4
    29 | D:1      | Reached skill level 5 in Summonings
   142 | D:1      | Reached XP level 2. HP: 15/15 MP: 6/6
   497 | D:1      | Reached XP level 3. HP: 19/19 MP: 5/7
   501 | D:1      | Learned a level 3 spell: Call Canine Familiar
  1760 | D:2      | Reached XP level 4. HP: 24/24 MP: 7/9
  1785 | D:2      | Noticed Robin
  1824 | D:2      | Killed Robin
  2471 | D:3      | Found Ofodu's Jewellery Emporium.
  2606 | D:3      | Gained mutation: Your magical nature lets you fly swiftly
                  | and evasively. [Tengu growth]
  2606 | D:3      | Reached XP level 5. HP: 28/28 MP: 10/10
  2779 | D:3      | Found a sparkling altar of Nemelex Xobeh.
  3128 | D:4      | Reached skill level 1 in Short Blades
  3128 | D:4      | Reached skill level 1 in Air Magic
  3446 | D:4      | Reached XP level 6. HP: 33/33 MP: 11/11
  3453 | D:4      | Reached skill level 1 in Fighting
  3640 | D:4      | Found a runed translucent door.
  3641 | D:4      | Noticed Crazy Yiuf
  3693 | D:4      | Noticed Natasha
  3701 | D:4      | Killed Natasha
  3702 | D:4      | Reached skill level 6 in Summonings
  3760 | D:4      | Found a glowing golden altar of the Shining One.
  3880 | D:4      | Killed Crazy Yiuf
  4025 | D:5      | Entered Level 5 of the Dungeon
  4216 | D:5      | Reached XP level 7. HP: 38/38 MP: 9/13
  4271 | D:5      | Noticed Ijyb
  4308 | D:5      | Killed Ijyb
  4546 | D:5      | Noticed Eustachio
  4598 | D:5      | Killed Eustachio
  4832 | D:5      | Found a staircase to the Ecumenical Temple.
  4878 | D:5      | Reached skill level 7 in Summonings
  4878 | D:5      | Reached XP level 8. HP: 41/43 MP: 16/16
  5019 | D:5      | Found a blossoming altar of Fedhas.
  5252 | Temple   | Entered the Ecumenical Temple
  5274 | Temple   | Became a worshipper of Sif Muna the Loreminder
  5428 | D:6      | Found a shadowy altar of Dithmenos.
  5428 | D:6      | Found a broken altar of Ashenzari.
  5428 | D:6      | Found a hide-covered altar of Uskayaw.
  5475 | D:6      | Reached skill level 5 in Spellcasting
  5628 | D:6      | Reached skill level 1 in Conjurations
  5628 | D:6      | Reached skill level 1 in Poison Magic
  6156 | D:6      | Reached skill level 8 in Summonings
  6164 | D:6      | Reached * piety under Sif Muna
  6529 | D:6      | Reached XP level 9. HP: 48/48 MP: 16/19
  6534 | D:6      | Learned a level 4 spell: Summon Lightning Spire
  6538 | D:6      | Learned a level 3 spell: Mephitic Cloud
  6995 | D:7      | Noticed a manticore
  7096 | D:7      | Found an iron altar of Okawaru.
  7234 | D:7      | Found Qocof's Distillery.
  7287 | D:7      | Killed a manticore
  7288 | D:7      | Reached skill level 9 in Summonings
  8157 | D:8      | Found Iryec's Antique Armour Shoppe.
  8288 | D:3      | Bought a ring of wizardry for 360 gold pieces
  8459 | D:8      | Reached ** piety under Sif Muna
  8460 | D:8      | Reached skill level 10 in Summonings
  8580 | D:8      | Found a burning altar of Makhleb.
  8581 | D:8      | Found a shimmering altar of Xom.
  8883 | D:8      | Found an ancient bone altar of Kikubaaqudgha.
  8913 | D:8      | Reached XP level 10. HP: 44/54 MP: 15/23
  9611 | D:8      | Noticed a gargoyle
  9625 | D:8      | Killed a gargoyle
 10551 | D:9      | Found a staircase to the Orcish Mines.
 10895 | D:9      | Found an ornate altar of the Wu Jian Council.
 10897 | D:9      | Found a sacrificial altar of Ru.
 11020 | D:9      | Reached skill level 11 in Summonings
 11421 | D:9      | Noticed a two-headed ogre
 11436 | D:9      | Killed a two-headed ogre
 11553 | D:10     | Entered Level 10 of the Dungeon
 11682 | D:10     | Found a staircase to the Lair.
 11835 | D:10     | Found a flagged portal.
 11849 | Bailey   | Entered a bailey
 11857 | Bailey   | Noticed an orc knight
 11888 | Bailey   | Reached XP level 11. HP: 59/59 MP: 14/25
 11896 | Bailey   | Reached *** piety under Sif Muna
 11897 | Bailey   | Reached skill level 12 in Summonings
 12276 | D:10     | Reached skill level 5 in Short Blades
 12698 | D:10     | Noticed a two-headed ogre
 12704 | D:10     | Killed a two-headed ogre
 12705 | D:10     | Reached skill level 10 in Spellcasting
 13712 | D:11     | Found a runed translucent door.
 13751 | D:11     | Identified the +0 spear "Arierr" {freeze, Stlth+}
 13751 | D:11     | Noticed turdburglar's ghost (journeyman KoBr)
 13779 | D:11     | Reached skill level 13 in Summonings
 14064 | D:11     | Identified a scroll of acquirement
 14064 | D:11     | Acquired a Fen Folio
 14072 | D:11     | Learned a level 5 spell: Summon Forest
 14080 | D:11     | Learned a level 7 spell: Summon Hydra
 14134 | D:11     | Noticed a boulder beetle
 14152 | D:11     | Killed a boulder beetle
 14153 | D:11     | Reached skill level 5 in Dodging
 14153 | D:11     | Reached skill level 5 in Stealth
 14288 | D:11     | Noticed a manticore
 14296 | D:11     | Killed a manticore
 14463 | D:11     | Noticed a manticore
 14497 | D:11     | Killed a manticore
 14786 | D:11     | Killed turdburglar's ghost
 14920 | D:12     | Reached **** piety under Sif Muna
 15023 | D:12     | Reached XP level 12. HP: 61/64 MP: 26/28
 15072 | D:12     | Reached skill level 14 in Summonings
 15383 | D:12     | Reached skill level 5 in Air Magic
 15876 | D:13     | Noticed a boulder beetle
 15897 | D:13     | Killed a boulder beetle
 15979 | D:13     | Noticed a centaur warrior
 15982 | D:13     | Reached skill level 1 in Invocations
 16238 | Lair:1   | Entered Level 1 of the Lair of Beasts
 17719 | Lair:2   | Reached XP level 13. HP: 63/69 MP: 22/30
 18022 | Lair:2   | Reached ***** piety under Sif Muna
 18060 | Lair:2   | Found a staircase to the Snake Pit.
 18319 | Lair:2   | Reached skill level 15 in Summonings
 18793 | Lair:2   | Found a staircase to the Shoals.
 19217 | Orc:1    | Entered Level 1 of the Orcish Mines
 19258 | Orc:1    | Received a gift from Sif Muna
 19259 | Orc:1    | Got Sif Muna's Verses on Feathery Location {god gift}
 19330 | Orc:1    | Found Irumaed's CLEARANCE SALE!.
 19338 | Orc:1    | Bought a scroll of enchant armour for 22 gold pieces
 19777 | Orc:1    | Noticed Maurice
 19785 | Orc:1    | Killed Maurice
 19936 | Orc:1    | Found Ixotwer's Book Shop.
 20312 | Orc:2    | Entered Level 2 of the Orcish Mines
 20437 | Orc:2    | Found Niyneagiyf's Jewellery Shoppe.
 20479 | Orc:2    | Reached skill level 5 in Conjurations
 20483 | Orc:2    | Received a gift from Sif Muna
 20484 | Orc:2    | Reached skill level 1 in Throwing
 20484 | Orc:2    | Got Gyolots's Omnibus of the Many Prophets {god gift}
 21001 | Orc:2    | Found Neotsapt's Vocational Training.
 21039 | Orc:2    | Noticed Donald
 21051 | Orc:2    | Killed Donald
 21052 | Orc:2    | Reached skill level 16 in Summonings
 21176 | Orc:2    | Found a staircase to the Elven Halls.
 21631 | Orc:2    | Found Akiklin's Distillery.
 21638 | Orc:2    | Found Tanker's General Store.
 21640 | Orc:2    | Found Zecloqui's Distillery.
 21703 | Orc:2    | Bought an amulet of reflection for 510 gold pieces
 21992 | D:13     | Reached skill level 5 in Invocations
 22081 | D:13     | Noticed Lodul
 22081 | D:13     | HP: 1/69 [centaur warrior/arrow (34)]
 22084 | D:13     | Shot with an arrow by a centaur warrior

Illustrated notes

Levels and vault maps discovered:
D:1:      saegor_arrival_fortress, layout_loops_corners, minmay_pentomino_r4
D:2:      layout_loops_corners, uniq_robin
D:3:      layout_loops_ring, nicolae_overflow_crystal_walls, serial_shops, shop
D:4:      layout_rooms, general_overflow_altar, supply_closet_lemuel,
          uniq_crazy_yiuf_cottage, uniq_natasha
D:5:      layout_loops_corners, nicolae_overflow_hidden_temple,
          minmay_temple_entry_trees, minmay_misc_feat_more_columns, uniq_ijyb,
          uniq_eustachio
D:6:      layout_basic, chequers_temple_overflow_statue_of_worship,
          nicolae_half_adder
D:7:      layout_basic, okawaru_trees_2, serial_shops, shop
D:8:      layout_layer_cave, grunt_temple_overflow_champion_of_chaos,
          lemuel_tele_altar, serial_shops, shop
D:9:      layout_roguey, mainiacjoe_overflow_divided_tiny, orc_0_dummy
D:10:     layout_roguey, hellmonk_lair_entry_icy, enter_bailey_2, serial_glass,
          glass_columns_b, glass_columns_c, glass_columns_a, glass_columns_c,
          nicolae_straight_to_the_point
D:11:     layout_irregular_city, ebering_ghost_funeral_grove
D:12:     nrook_guardian_serpent_snake_passage, layout_gridville
D:13:     layout_big_octagon, david_vaults_1, gauntlet_entry_generic,
          uniq_lodul, uniq_frances
Temple:   hellmonk_temple_rainy
Lair:1:   layout_long_grid, serial_bayou_shore_b
Lair:2:   layout_roguey, minmay_shoals_entry_hut,
          minmay_snake_entry_six_corridors, cheibrodos_lair_reptile_den
Lair:3:   layout_chaotic_city, ice2_lemuel, infiniplex_staircase_pool_2
Orc:1:    layout_diamond_mine, serial_shops, nicolae_lakefront_shop,
          nicolae_shop_clearance, uniq_maurice
Orc:2:    st_orc_elflike, layout_diamond_mine, nicolae_shop_vocational,
          uniq_donald

Skill      XL: |  1  2  3  4  5  6  7  8  9 10 11 12 13 |
---------------+----------------------------------------+-----
Summonings     | 5 6 7 8 10 11 13 14 16 | 16.0
Spellcasting   | 3 4 6 8 9 11 12 13 | 13.5
Short Blades   | 1 2 3 4 5 6 7 |  7.0
Air Magic      | 1 2 3 4 5 6 |  6.1
Stealth        | 3 4 5 |  5.3
Dodging        | 3 4 5 |  5.5
Fighting       | 1 2 3 |  3.6
Conjurations   | 2 3 5 |  5.0
Poison Magic   | 1 |  1.9
Invocations    | 3 5 |  5.0
Throwing       | 1 |  1.0
Armour         | |  0.8
Unarmed Combat | |  0.2
Translocations | |  0.4
Evocations     | |  0.7

Action                     |  1- 3 |  4- 6 |  7- 9 | 10-12 | 13-15 || total
---------------------------+-------+-------+-------+-------+-------++-------
  Melee: Unarmed           |     7 |       |       |       |       ||     7
         Kick              |    11 |    19 |    99 |    72 |    33 ||   234
         Dagger            |    37 |    87 |   292 |   200 |    90 ||   706
         Peck              |     3 |    13 |    59 |    39 |    14 ||   128
         Punch             |       |     1 |     1 |       |     2 ||     4
  Throw: Dart              |       |       |       |     7 |     8 ||    15
   Cast: Summon Small Mamm |    21 |     9 |    46 |    70 |    19 ||   165
         Call Canine Famil |     5 |    17 |    38 |    43 |    20 ||   123
         Summon Lightning  |       |       |     4 |    35 |    21 ||    60
         Mephitic Cloud    |       |       |     2 |     2 |     1 ||     5
         Summon Hydra      |       |       |       |    13 |    27 ||    40
         Summon Forest     |       |       |       |     5 |     2 ||     7
  Evoke: Wand              |       |       |     1 |     5 |     2 ||     8
    Use: Scroll            |     3 |     5 |     5 |    15 |     5 ||    33
         Potion            |       |     2 |     8 |     5 |     1 ||    16
   Stab: Sleeping          |     6 |     8 |     3 |     3 |     2 ||    22
         Distracted        |       |       |     4 |     5 |     3 ||    12
         Invisible         |       |       |       |     1 |       ||     1
 Armour: Robe              |    15 |     1 |       |       |       ||    16
         Animal skin       |       |     8 |    61 |    32 |    11 ||   112
         Skin              |       |       |       |    11 |       ||    11
         Troll leather arm |       |       |       |       |    10 ||    10
  Dodge: Dodged            |    41 |    48 |   168 |   127 |    65 ||   449
  Block: Other             |       |       |       |       |     3 ||     3
         Reflection        |       |       |       |       |     2 ||     2
